 Dungeon Crawl Stone Soup version 0.24-a0-252-g5076262 (webtiles) character file.

Game seed: 10735498920608742727

153 TekDriveTruck the Chopper (level 5, -1/47 HPs)
             Began as a Hill Orc Monk on Apr 17, 2019.
             Slain by a worm (3 damage)
             ... on level 3 of the Dungeon.
             The game lasted 00:05:40 (2425 turns).

TekDriveTruck the Chopper (Hill Orc Monk)           Turns: 2425, Time: 00:05:41

Health: -1/47      AC: 10    Str: 15    XL:     5   Next: 35%
Magic:  5/5        EV:  7    Int: 10    God:
Gold:   78         SH:  0    Dex: 13    Spells: 4/4 levels left

rFire    . . .     SeeInvis .   a - +0 hand axe
rCold    . . .     Gourm    .   (no shield)
rNeg     . . .     Faith    .   l - +0 chain mail
rPois    .         Spirit   .   (no helmet)
rElec    .         Reflect  .   k - +1 cloak
rCorr    +         Harm     .   (no gloves)
MR       .....                  (no boots)
Stlth    ..........             (no amulet)
HPRegen  0.15/turn              h - ring of resist corrosion
MPRegen  0.09/turn              (no ring)

@: very slow
A: no striking features
a: no special abilities


You were on level 3 of the Dungeon.
You were very hungry.

You visited 1 branch of the dungeon, and saw 3 of its levels.

You collected 78 gold pieces.

Inventory:

Hand Weapons
 a - a +0 hand axe (weapon)
Armour
 k - a +1 cloak (worn)
 l - a +0 chain mail (worn)
 r - a +0 pair of gloves
Jewellery
 h - a ring of resist corrosion (left hand)
 q - an uncursed ring of protection from fire {unknown}
Scrolls
 b - a scroll of enchant armour {unknown}
 d - 3 scrolls of identify {unknown}
 f - 2 scrolls of teleportation {unknown}
 i - a scroll of remove curse {unknown}
 o - 2 scrolls of enchant weapon {unknown}
Potions
 j - a potion of brilliance {unknown}
 n - a potion of resistance {unknown}
 p - a potion of invisibility {unknown}
Comestibles
 c - 5 rations
 g - 9 chunks of flesh


   Skills:
 + Level 4.7 Fighting
 * Level 6.2 Axes
 + Level 2.3 Armour
 - Level 2.4 Dodging
 - Level 1.5 Stealth


You had 4 spell levels left.
You didn't know any spells.
Your spell library was empty.

Dungeon Overview and Level Annotations

Branches:
Dungeon (3/15)

Altars:


Message History

You hit the worm. You hit the worm.
The worm is moderately wounded.
You hit the worm. You barely miss the worm.
The worm bites you but does no damage.
You barely miss the worm.
The worm is moderately wounded.
You hit the worm but do no damage. You completely miss the worm.
The worm closely misses you.
You hit the worm.
The worm is severely wounded.
You hit the worm. x2; The worm bites you!
* * * LOW HITPOINT WARNING * * *
The worm bites you.
* * * LOW HITPOINT WARNING * * *
The worm splashes around in the water.
You hit the worm.
The worm is severely wounded.
You hit the worm. x2; The worm splashes around in the water.
The worm bites you.
You die...

.#.# ##.# ##.# ##.#
##.#### #######
#.....# #≈≈...#
......# #≈≈≈..#
#.....# #w#...#
###.### #@w≈..##
#.....# #w#≈...#
#.....# #≈≈≈≈..#
#.....# #≈#≈...#
#.....# #≈#≈...#
#####.# ≈≈#....#
#.############....#
#.................#
###################


You could see 3 worms.

Vanquished Creatures
  An orc wizard (D:3)
  4 gnolls
  A river rat (D:3)
  3 adders (D:2)
  3 worms
  2 dart slugs (D:2)
  2 leopard geckos
  2 orcs (D:3)
  2 ball pythons
  7 bats
  2 giant cockroaches
  A goblin (D:3)
  3 hobgoblins
  3 kobolds
  A quokka (D:2)
  3 frilled lizards
  4 rats (D:2)
44 creatures vanquished.

Notes
Turn   | Place    | Note
-------+----------+-------------------------------------------
     0 | D:1      | TekDriveTruck the Hill Orc Monk began the quest for the
                  | Orb.
     0 | D:1      | Reached XP level 1. HP: 19/19 MP: 1/1
   375 | D:1      | Reached XP level 2. HP: 27/27 MP: 2/2
   834 | D:2      | Reached skill level 1 in Armour
  1084 | D:2      | Reached XP level 3. HP: 31/33 MP: 3/3
  1261 | D:2      | Reached skill level 5 in Axes
  1475 | D:2      | Reached XP level 4. HP: 40/40 MP: 4/4
  2278 | D:3      | Reached skill level 6 in Axes
  2278 | D:3      | Reached XP level 5. HP: 39/47 MP: 5/5
  2424 | D:3      | HP: 2/47 [worm (2)]
  2425 | D:3      | Slain by a worm

Levels and vault maps discovered:
D:1:      lightli_molten_gateway, layout_rooms
D:2:      layout_loops_ring
D:3:      layout_rooms, lightli_sewer_entry_pipes

Skill      XL: |  1  2  3  4 |
---------------+-------------+-----
Armour         | 1 2 |  2.3
Fighting       | 4 |  4.7
Axes           | 5 6 |  6.2
Dodging        | |  2.4
Stealth        | |  1.5

Action                   |  1- 3 |  4- 6 || total
-------------------------+-------+-------++-------
Melee: Hand axe          |   119 |   151 ||   270
  Use: Potion            |       |     2 ||     2
 Stab: Sleeping          |     2 |       ||     2
  Eat: Chunk             |     2 |     2 ||     4
Armor: Robe              |     5 |       ||     5
       Chain mail        |    65 |   106 ||   171
Dodge: Dodged            |    62 |    53 ||   115

Table legend:
 A = Non-vault XP
 B = Vault XP
 C = Vault XP percentage of total XP
 D = Non-vault monster count
 E = Vault monster count
 F = Vault count percentage of total count
                 A         B        C        D         E       F
            +---------+---------+-------+---------+---------+-------
      Total |     205 |      14 |   6.4 |      43 |       1 |   2.3
            +---------+---------+-------+---------+---------+-------
        D:1 |      13 |       0 |   0.0 |       6 |       0 |   0.0
        D:2 |      87 |       0 |   0.0 |      21 |       0 |   0.0
        D:3 |     105 |      14 |  11.8 |      16 |       1 |   5.9
            +---------+---------+-------+---------+---------+-------
